 Dungeon Crawl Stone Soup version 0.27-a0-650-g8dd3ea4f36 (webtiles) character file.

Game seed: 11280659196851220159

919 kiwi3s the Cleaver (level 7, -9/61 HPs)
             Began as a Minotaur Berserker on Mar 16, 2021.
             Was a Priest of Trog.
             Mangled by an ogre
             ... wielding a +0 giant spiked club
              (11 damage)
             ... on level 6 of the Dungeon.
             The game lasted 00:04:48 (4793 turns).

kiwi3s the Cleaver (Minotaur Berserker)             Turns: 4793, Time: 00:04:49

Health: -9/61      AC: 13    Str: 24    XL:     7   Next: 83%
Magic:  6/6        EV:  8    Int:  4    God:    Trog [***...]
Gold:   258        SH:  0    Dex:  9    Spells: 6/6 levels left

rFire    . . .     SeeInvis .   a - +0 hand axe
rCold    . . .     Faith    .   (no shield)
rNeg     . . .     Spirit   .   s - +0 chain mail
rPois    .         Reflect  .   (helmet restricted)
rElec    .         Harm     .   o - +2 cloak
rCorr    .         Rampage  .   (no gloves)
Will     .....                  (no boots)
Stlth    ..........             (no amulet)
HPRegen  0.20/turn              (no ring)
MPRegen  0.10/turn              (no ring)

@: marked, berserk cooldown, slowed, very slow
A: horns 2, retaliatory headbutt
a: Renounce Religion, Berserk, Trog's Hand


You were on level 6 of the Dungeon.
You worshipped Trog.
Trog was most pleased with you.
You visited 1 branch of the dungeon, and saw 6 of its levels.

You collected 258 gold pieces.

Inventory:

Hand Weapons
 a - a +0 hand axe (weapon)
Armour
 b - a +0 animal skin
 o - a +2 cloak (worn)
 s - a +0 chain mail (worn)
Jewellery
 e - a ring of resist corrosion
 u - an amulet of faith
Wands
 q - a wand of digging (4)
Scrolls
 d - 7 scrolls of identify {unknown}
 f - 3 scrolls of enchant weapon {unknown}
 h - a scroll of random uselessness {unknown}
 l - 2 scrolls of teleportation {unknown}
 n - 2 scrolls of amnesia {unknown}
 p - a scroll of blinking {unknown}
 t - 2 scrolls of noise {unknown}
Potions
 c - 3 potions of might {unknown}
 g - a potion of curing {unknown}
 i - a potion of ambrosia {unknown}
 j - 4 potions of heal wounds {unknown}
 k - a potion of berserk rage {unknown}
 m - a potion of lignification {unknown}
 r - a potion of magic {unknown}


   Skills:
 + Level 5.6 Fighting
 - Level 9.5 Axes
 + Level 4.9 Armour
 - Level 2.1 Dodging


You had 6 spell levels left.
You didn't know any spells.
Your spell library was empty.

Dungeon Overview and Level Annotations

Branches:
Dungeon (6/15)             Temple (0/1) D:5

Altars:
Gozag
Zin


Innate Abilities, Weirdness & Mutations

You have a pair of horns on your head.
You reflexively headbutt those who attack you in melee.


Message History

The orc hits you with a +0 dagger.
Things that are here:
a +2 dagger of electrocution; a +0 ring mail; a hound corpse You hit the orc.
The orc is almost dead.
You miss something. You slash the orc!
You kill the orc!
Trog accepts your kill.
You slash something! Something hits you.
You are too injured to fight recklessly!
Unknown command.
Things that are here:
a +0 dagger; a +0 robe You feel a strong urge to attack something.
You are no longer berserk.
You are exhausted.
You feel yourself slow down.
There is a stone staircase leading down here.
Unknown command.
Something hits you but does no damage.
The ogre hits you with a +0 giant spiked club!
* * * LOW HITPOINT WARNING * * *
You climb downwards.
Reactivating autopickup.
A bullfrog and a jelly come into view.
The bullfrog croaks.
The jelly quivers.
There is a stone staircase leading up here.
The bullfrog hits you.
* * * LOW HITPOINT WARNING * * *
Something hits you but does no damage.
Deactivating autopickup; reactivate with Ctrl-A.
The ogre hits you with a +0 giant spiked club.
* * * LOW HITPOINT WARNING * * *
The jelly closely misses you. The bullfrog barely misses you.
Something hits you.
* * * LOW HITPOINT WARNING * * *
The ogre hits you with a +0 giant spiked club!
You die...

###. ....
...#. #...
#...
###...#####.#
.......J....#
#@# #OF......
.........
####......
...... ......
..... .....


You could see an ogre, a bullfrog and a jelly.

Vanquished Creatures
  An orc warrior (D:4)
  A sky beast (D:3)
  An ogre (D:5)
  A centaur (D:5)
  A water moccasin zombie (D:5)
  2 scorpions
  2 orc priests (D:4)
  A hound (D:5)
  4 orc wizards
  3 worker ants (D:4)
  A worker ant zombie (D:5)
  4 adders
  A shadow imp (D:5)
  2 worms
  A dart slug (D:1)
  3 leopard geckos
  20 orcs
  2 bats
  4 giant cockroaches
  6 goblins
  5 hobgoblins
  8 jackals
  A quokka (D:3)
  9 frilled lizards
  4 kobolds
  A quokka zombie (D:5)
  6 rats
95 creatures vanquished.

Notes
Turn   | Place    | Note
-------+----------+-------------------------------------------
     0 | D:1      | kiwi3s the Minotaur Berserker began the quest for the Orb.
     0 | D:1      | Reached XP level 1. HP: 19/19 MP: 0/0
   230 | D:1      | Reached skill level 4 in Axes
   254 | D:1      | Reached XP level 2. HP: 23/26 MP: 1/1
  1252 | D:2      | Reached skill level 5 in Axes
  1257 | D:2      | Reached ** piety under Trog
  1258 | D:2      | Reached XP level 3. HP: 29/31 MP: 2/2
  2283 | D:3      | Reached skill level 6 in Axes
  2283 | D:3      | Reached XP level 4. HP: 39/39 MP: 3/3
  2290 | D:3      | Found a glowing silver altar of Zin.
  2290 | D:3      | Noticed a sky beast
  2297 | D:3      | Killed a sky beast
  2298 | D:3      | Reached skill level 7 in Axes
  2298 | D:3      | Reached XP level 5. HP: 45/45 MP: 4/4
  2808 | D:4      | Found an opulent altar of Gozag.
  3210 | D:4      | Reached skill level 8 in Axes
  3247 | D:4      | Reached XP level 6. HP: 36/51 MP: 5/5
  3247 | D:4      | Noticed an orc warrior
  3265 | D:4      | HP: 2/76 [orc warrior/+0 glaive (12)]
  3266 | D:4      | Killed an orc warrior
  3267 | D:4      | Reached skill level 9 in Axes
  3749 | D:4      | Reached *** piety under Trog
  4167 | D:5      | Entered Level 5 of the Dungeon
  4180 | D:5      | Reached XP level 7. HP: 51/58 MP: 6/6
  4640 | D:5      | Found a staircase to the Ecumenical Temple.
  4678 | D:5      | Reached skill level 5 in Fighting
  4793 | D:6      | HP: 2/61 [something (2)]
  4793 | D:6      | Mangled by an ogre

Illustrated notes

Levels and vault maps discovered:
D:1:      dpeg_arrival_ternary, layout_basic
D:2:      layout_loops_ring
D:3:      layout_rooms, marbit_many_paths, minmay_misc_feat_rows
D:4:      layout_loops_corners, grunt_gozag_breadcrumbs,
          corexii_item_surrounded_by_moat, guppyfry_early_orc_mine
D:5:      layout_rooms, minmay_temple_entry_steel_oval, serial_curves,
          eino_curves_01, eino_curves_04, eino_curves_03, minmay_divided_ellipse
D:6:      layout_rooms, ashenzari_altar_1

Skill      XL: |  1  2  3  4  5  6  7 |
---------------+----------------------+-----
Axes           | 4 5 6 7 8 9 |  9.5
Fighting       | 5 |  5.6
Armour         | 4 |  4.9
Dodging        | |  2.1

Action                   |  1- 3 |  4- 6 |  7- 9 || total
-------------------------+-------+-------+-------++-------
Melee: Hand axe          |    82 |   102 |    56 ||   240
       Headbutt          |    16 |    16 |    10 ||    42
Invok: Berserk           |       |     2 |     1 ||     3
Armor: Animal skin       |     9 |     7 |       ||    16
       Chain mail        |       |    37 |    31 ||    68
Dodge: Dodged            |    52 |    43 |    23 ||   118

Table legend: (Time is in decaauts)
 A = Elapsed time spent in this place.
 B = Non-inter-level travel time spent in this place.
 C = Inter-level travel time spent in this place.
 D = Time resting spent in this place.
 E = Time spent auto-exploring this place.
 F = Levels seen in this place.
 G = Mean time per level.
                   A        B        C        D        E       F      G
               +--------+--------+--------+--------+--------+-----+--------+
         Total |   4799 |   4703 |     96 |   1041 |   3179 |   6 |  799.8 |
       Dungeon |   4799 |   4703 |     96 |   1041 |   3179 |   6 |  799.8 |
               +--------+--------+--------+--------+--------+-----+--------+

Top non-repeatable levels by time:
     D:4: 1739 daAuts
     D:1: 1144 daAuts
     D:3: 839 daAuts
     D:2: 692 daAuts
     D:5: 382 daAuts
     D:6: 1 daAuts
